Map: Ruins of Endion

Players

capac - Winner!

  • Race: Terran Terran
  • League: Gold

A.I. 1 (Elite)

  • Race: Zerg Zerg

VOD

Have the link to the VOD?

Description

Time

  • Played on: April 2, 2016, 4:50 a.m.
  • Length: 10:58
Show
View Real Time Build Order
Export as new Build Order

capac Terran - Winner!

Build Orders: Reaper Expand, MMM Bio 

Get SALT Encoding   

  12  0:01  SCV  
  13  0:13  SCV  
  14  0:18  Supply Depot  
  14  0:25  SCV  
  15  0:40  SCV  
  15  0:41  Barracks  
  16  0:45  Refinery  
  16  0:52  SCV  
  17  1:04  SCV  
  18  1:18  SCV  
  19  1:34  Command Center  
  19  1:38  Reaper  
  20  1:41  Orbital Command  
  20  2:11  SCV  
  21  2:18  Command Center  
  21  2:24  SCV  
  21  2:27  Refinery  
  21  2:28  Barracks Reactor  
  22  2:33  Supply Depot  
  22  2:51  SCV  
  23  3:00  Factory  
  23  3:03  SCV  
  24  3:09  Barracks  
  24  3:11  Barracks  
  24  3:15  Marine x2  
  24  3:17  SCV  
  27  3:29  SCV  
  27  3:31  Orbital Command  
  28  3:34  Marine  
  28  3:35  Marine  
  30  3:44  SCV  
  30  3:47  Factory Reactor  
  30  3:48  Starport  
  31  3:56  SCV x2  
  33  4:04  Barracks Tech Lab  
  33  4:06  Barracks Reactor  
  33  4:09  Engineering Bay  
  33  4:10  Marine x2  
  33  4:11  Supply Depot  
  33  4:13  SCV x2  
  37  4:25  SCV x2  
  37  4:26  Stimpack  
  39  4:32  Marine  
  39  4:33  Marine x2  
  42  4:38  Medivac x2  
  42  4:40  Supply Depot  
  42  4:42  Terran Infantry Weapons Level 1  
  46  4:51  SCV x2  
  48  4:52  Marine  
  48  4:53  Refinery, Marine x3  
  48  4:58  Refinery, Marauder  
  54  5:05  SCV  
  54  5:06  SCV  
  56  5:13  Supply Depot, Marine x2  
  56  5:14  Marine x2  
  60  5:22  SCV  
  60  5:23  SCV  
  62  5:34  Marine x4  
  62  5:35  SCV x2  
  68  5:36  Marine  
  68  5:40  Supply Depot  
  69  5:48  SCV  
  70  5:56  Marine x4  
  75  5:57  SCV  
  75  6:03  Supply Depot  
  75  6:12  Liberator x2  
  72  6:20  Marine  
  72  6:21  Marine x4  
  77  6:28  Factory Tech Lab, Bunker  
  77  6:31  Bunker  
  80  6:40  Terran Infantry Armor Level 1  
  80  6:41  Combat Shields  
  80  6:42  Marine x2  
  80  6:43  Marine x2  
  84  6:56  Marine  
  84  7:00  Marine x3  
  87  7:03  Marine  
  87  7:04  SCV x2  
  89  7:14  Marine  
  89  7:16  SCV  
  89  7:18  Marine x3  
  89  7:21  Marine  
  92  7:32  Marine  
  92  7:34  Liberator x2  
  92  7:36  Marine  
  94  7:49  Supply Depot  
  94  7:50  Marine  
  94  7:51  Supply Depot, Marine x3  
  94  7:54  Marine  
  101  8:03  Concussive Shells  
  101  8:09  SCV  
  101  8:11  Marauder, Siege Tank, SCV  
  108  8:15  Supply Depot  
  108  8:16  Command Center  
  108  8:17  Supply Depot  
  108  8:22  Marine x3  
  111  8:33  Marine  
  73  8:34  Marauder, Medivac x2  
  114  8:40  Supply Depot  
  118  8:42  Supply Depot  
  118  8:43  Siege Tank  
  121  9:04  Marine x2  
  121  9:05  Marine x2  
  125  9:27  Supply Depot  
  125  9:29  Supply Depot  
  125  9:31  Barracks  
  125  9:38  Marine  
  125  9:39  Barracks, Marine x4  
  125  9:40  SCV x2  
  132  9:52  SCV  
  133  9:56  Marine  
  131  10:12  Marine x4  
  135  10:14  Marine  
  135  10:15  Siege Tank  
  135  10:20  Barracks Reactor  
  138  10:24  Medivac  
  138  10:25  Medivac  
  138  10:28  Command Center  
  142  10:30  Marine  
  142  10:31  Orbital Command  
  142  10:34  Marine x3  
Show
View Real Time Build Order
Export as new Build Order

A.I. 1 (Elite) Zerg 

Build Orders: Pool First 

Get SALT Encoding   

  12  0:00  Drone  
  13  0:12  Overlord  
  13  0:17  Drone  
  14  0:30  Drone x2  
  16  0:43  Spawning Pool  
  16  0:45  Drone  
  16  0:49  Drone  
  17  1:12  Hatchery  
  17  1:13  Drone  
  17  1:15  Extractor  
  17  1:18  Drone  
  17  1:22  Drone  
  18  1:28  Drone  
  19  1:38  Overlord  
  19  1:44  Queen  
  21  1:49  Zergling x2  
  22  2:00  Drone  
  23  2:10  Drone  
  24  2:20  Queen  
  24  2:21  Drone  
  27  2:26  Roach Warren  
  26  2:31  Drone  
  26  2:36  Drone  
  27  2:39  Drone  
  27  2:43  Zergling x2  
  28  2:46  Zergling x2  
  28  2:51  Zergling x2  
  29  2:55  Drone  
  30  3:00  Overlord  
  30  3:04  Drone  
  31  3:09  Drone  
  31  3:12  Drone  
  32  3:15  Drone  
  32  3:19  Drone  
  34  3:23  Roach  
  36  3:27  Roach  
  36  3:31  Roach  
  40  3:35  Roach  
  40  3:39  Overlord  
  43  3:41  Drone  
  43  3:48  Overlord  
  43  3:52  Overlord  
  43  3:57  Roach, Drone  
  43  3:59  Roach  
  50  4:03  Roach  
  50  4:06  Roach  
  50  4:09  Roach  
  54  4:12  Roach  
  54  4:15  Roach  
  58  4:19  Roach  
  58  4:20  Drone  
  58  4:22  Drone  
  62  4:25  Drone  
  62  4:26  Drone  
  62  4:30  Extractor  
  63  4:31  Drone  
  63  4:36  Overlord  
  64  4:39  Overlord  
  64  4:42  Drone  
  64  4:44  Drone  
  66  4:46  Drone  
  67  4:54  Roach x2, Drone  
  67  4:57  Roach  
  74  5:00  Roach  
  74  5:03  Overlord  
  74  5:05  Drone  
  77  5:07  Drone  
  77  5:09  Drone  
  77  5:10  Drone  
  80  5:14  Overlord  
  80  5:19  Lair  
  80  5:22  Roach  
  82  5:30  Drone  
  82  5:32  Drone  
  82  5:33  Drone  
  82  5:35  Drone  
  86  5:37  Drone  
  86  5:39  Overlord  
  86  5:41  Drone  
  88  5:49  Extractor, Drone  
  88  5:54  Extractor, Drone  
  88  6:03  Evolution Chamber  
  88  6:04  Drone  
  88  6:08  Evolution Chamber, Drone  
  86  6:12  Drone x2  
  86  6:14  Drone  
  86  6:15  Zergling x2  
  86  6:17  Zergling x2  
  87  6:18  Drone  
  87  6:20  Drone  
  87  6:22  Drone  
  90  6:26  Hatchery  
  90  6:28  Baneling Nest  
  90  6:31  Hydralisk Den  
  90  6:32  Infestation Pit  
  67  6:39  Queen  
  67  6:46  Drone  
  62  6:51  Drone x2  
  62  6:53  Drone  
  54  6:58  Drone  
  48  7:05  Drone  
  49  7:10  Infestor  
  49  7:11  Drone  
  49  7:14  Baneling  
  52  7:17  Zergling x2  
  43  7:36  Drone  
  44  7:46  Drone  
  45  7:53  Drone  
  46  8:35  Drone  
  46  8:37  Zergling x2, Hydralisk, Drone  
  46  8:38  Drone  
  52  8:47  Overseer  
  52  9:11  Drone  
  52  9:14  Hydralisk, Drone x2  
  57  9:34  Drone  
  58  9:39  Drone  
  58  9:40  Hatchery  
  58  9:44  Drone  
  59  9:48  Drone  
  61  9:52  Drone  
  61  9:57  Drone  
  62  10:02  Drone  
  62  10:06  Zergling x2  
Tags
 
Add a new tag
Caveats
  • Supply blocks, unpowered buildings, or Contaminate may cause inaccurate times.
  • Supply counts are checked every 10 seconds.